 Dungeon Crawl Stone Soup version 0.31.0-12-g77e489cdc1 (webtiles) character file.

Game seed: 14654429963568525191

150 Arctor the Firebug (level 5, -6/28 HPs)
             Began as a Deep Elf Fire Elementalist on Feb 13, 2024.
             Mangled by a sleepcap (19 damage)
             ... on level 2 of the Dungeon.
             The game lasted 00:03:08 (4280 turns).

Arctor the Firebug (Deep Elf Fire Elementalist)     Turns: 4280, Time: 00:03:09

Health: -6/28      AC:  2    Str:  5    XL:     5   Next: 10%
Magic:  12/12      EV:  2    Int: 22    God:
Gold:   140        SH:  0    Dex: 15    Spells: 8/11 levels left

rFire   . . .        (no weapon)
rCold   . . .        (no shield)
rNeg    . . .        a - +0 robe
rPois   .            (no helmet)
rElec   .            (no cloak)
rCorr   .            (no gloves)
SInv    .            (no boots)
Will    .....        (no amulet)
Stlth   ++           (no ring)
HPRegen 0.24/turn    (no ring)
MPRegen 0.13/turn

%: no passive effects
@: sleeping
A: no striking features
a: no special abilities


You were on level 2 of the Dungeon.
You visited 1 branch of the dungeon, and saw 3 of its levels.

You collected 140 gold pieces.

Inventory:

Armour
 a - a +0 robe (worn)
Talismans
 f - a storm talisman
Wands
 l - a wand of iceblast (8)
Scrolls
 c - a scroll of immolation
 g - a scroll of brand weapon
 k - 2 scrolls of summoning
 m - a scroll of acquirement
 n - 2 scrolls of teleportation {unknown}
 q - 3 scrolls of blinking
 s - a scroll of enchant weapon {unknown}
Potions
 b - 2 potions of magic
 d - 2 potions of might
 e - 3 potions of curing
 i - a potion of cancellation {unknown}
 j - a potion of lignification {unknown}
 o - a potion of enlightenment {unknown}
 p - a potion of resistance {unknown}
 r - a potion of haste {unknown}


   Skills:
 + Level 3.4 Dodging
 + Level 3.6 Stealth
 + Level 3.9 Spellcasting
 + Level 2.4 Conjurations
 + Level 4.0 Fire Magic
 + Level 1.4 Shapeshifting


You had 8 spell levels left.
You knew the following spells:

 Your Spells              Type           Power      Damage    Failure   Level
a - Foxfire               Conj/Fire      72%        2x1d7     3%          1
b - Scorch                Fire           42%        2d6       3%          2

Your spell library contained the following spells:

 Spells                   Type           Power      Damage    Failure   Level
 Magic Dart               Conj           60%        1d6       4%          1
 Searing Ray              Conj           30%        2d5       6%          2
 Inner Flame              Hex/Fire       13%        N/A       16%         3
 Volatile Blastmotes      Fire/Tloc      26%        2d12      16%         3
 Flame Wave               Conj/Fire      18%        2d7       30%         4
 Fulminant Prism          Conj/Alch      4%         3d5       56%         4


Dungeon Overview and Level Annotations

Branches:
Dungeon (3/15)

Altars:
Fedhas


Message History

As you read the scroll of identify, it crumbles to dust.
k - 2 scrolls of summoning
As you read the scroll of identify, it crumbles to dust.
m - a scroll of acquirement
As you read the scroll of identify, it crumbles to dust.
d - 2 potions of might Done exploring.
Done exploring.
You conjure some foxfire!
What level of the Dungeon? (default 3, ? - help)
You climb downwards.
Your summoned ally is left behind.
The sleepcap releases spores at you.
You are engulfed in a cloud of soporific spores!
You fall asleep.
The sleepcap releases spores at you.
You wake up.
There is a stone staircase leading up, spattered with blood here.
Casting: Foxfire (safe; 3% risk of failure)
Confirm with . or Enter, or press ? or * to list all spells.
You don't know that spell.
The sleepcap closely misses you. The sleepcap releases spores at you!
You are engulfed in a cloud of soporific spores!
You are unaffected.
You climb upwards.
The foxfire hits the sleepcap.
The sleepcap is lightly damaged.
There is a stone staircase leading down here.
The sleepcap releases spores at you.
You are engulfed in a cloud of soporific spores!
You are unaffected.
The sleepcap attacks as it pursues you! The sleepcap releases spores at you.
You are engulfed in a cloud of soporific spores!
You are unaffected.
The sleepcap attacks as it pursues you! The sleepcap releases spores at you!
* * * LOW HITPOINT WARNING * * *
It was a potion of curing.
You feel better. The sleepcap releases spores at you.
You are engulfed in a cloud of soporific spores!
You fall asleep.
The sleepcap releases spores at you!!
Ouch! That really hurt!
You die...

.###...# #.##..# .# #...#
#.##..# ####...# #.##..#
......## #.##..# #####..###
#.##..######## #####....#
#.##.........#
....#.##.####.##.#....##.#####
###.#.##....#.##.#.##.#......#
..#.#.#####.#.##@#.##.#..###.#
#.#.#.# ##.#.##f#.##.#..# #.#
#.#.#.####......f#.##.#..# #.#
#.#...........>###.##.#..# #.#
#.###.####.##### #.##.#..# #.#
#.# #.# #.# #.##.#..###.# #.#
#.####.# #.##.#..#...# #.#
#......# #.##.####.###
..################.##........#


You could see 2 sleepcaps.

Vanquished Creatures
  A sleepcap (D:2)
  2 orc wizards (D:3)
  A white imp (D:3)
  3 dart slugs (D:1)
  2 ribbon worms (D:2)
  7 orcs (D:3)
  5 endoplasms
  2 giant cockroaches
  3 goblins
  5 hobgoblins
  3 kobolds
  5 quokkas
  3 ball pythons
  3 bats
  A frilled lizard (D:3)
  4 rats
50 creatures vanquished.

Vanquished Creatures (collateral kills)
  4 foxfires (D:3)
4 creatures vanquished.

Vanquished Creatures (others)
  301 foxfires
301 creatures vanquished.

Grand Total: 355 creatures vanquished

Notes
Turn   | Place    | Note
-------+----------+-------------------------------------------
     0 | D:1      | Arctor the Deep Elf Fire Elementalist began the quest for
                  | the Orb.
     0 | D:1      | Reached XP level 1. HP: 10/10 MP: 6/6
    16 | D:1      | Noticed a swamp drake
    16 | D:1      | Noticed a hound
    16 | D:1      | Noticed a boulder beetle
    17 | D:1      | Noticed an iguana
    17 | D:1      | Noticed a brain worm
   229 | D:1      | Reached XP level 2. HP: 15/15 MP: 4/8
  1708 | D:2      | Reached XP level 3. HP: 19/19 MP: 5/9
  2748 | D:3      | Learned a level 2 spell: Scorch
  3289 | D:3      | Found a blossoming altar of Fedhas.
  3540 | D:3      | Found a faded altar of an unknown god.
  3573 | D:3      | Reached skill level 1 in Shapeshifting
  3573 | D:3      | Reached XP level 4. HP: 7/24 MP: 4/11
  4165 | D:2      | Reached skill level 4 in Fire Magic
  4165 | D:2      | Reached XP level 5. HP: 3/28 MP: 0/12
  4268 | D:2      | Identified a scroll of acquirement
  4280 | D:2      | Mangled by a sleepcap

Illustrated notes

Levels and vault maps discovered:
D:1:      onia_arrival_zoo_common, layout_basic
D:2:      layout_basic
D:3:      layout_loops_ring, lemuel_round_altar,
          shapermc_ecumenical_altar_mp_ritualfount, minmay_misc_feat_nine_boxes,
          hellmonk_no_cap

Skill      XL: |  1  2  3  4 |
---------------+-------------+-----
Stealth        | 3 |  3.6
Dodging        | 3 |  3.4
Conjurations   | 2 |  2.4
Shapeshifting  | 1 |  1.4
Fire Magic     | 4 |  4.0
Spellcasting   | |  3.9

Action                     |  1- 3 |  4- 6 || total
---------------------------+-------+-------++-------
  Melee: Unarmed           |       |     1 ||     1
   Cast: Foxfire           |   167 |    26 ||   193
         Scorch            |     2 |     5 ||     7
    Use: Scroll            |       |     6 ||     6
         Potion            |       |     1 ||     1
 Armour: Robe              |    19 |    20 ||    39
  Dodge: Dodged            |    19 |     9 ||    28
